 Dungeon Crawl Stone Soup version 0.28.0-53-g5a82cb258f (webtiles) character file.

Game seed: 10556125189188304665

74 kbeanz the Skirmisher (level 4, 0/40 HPs)
             Began as a Hill Orc Fighter on June 24, 2022.
             Was an Initiate of Beogh.
             Slain by an orc priest
             ... wielding a +2 trident of protection
              (4 damage)
             ... on level 4 of the Dungeon.
             The game lasted 00:14:18 (2112 turns).

kbeanz the Skirmisher (Hill Orc Fighter)            Turns: 2112, Time: 00:14:18

Health: 0/40       AC:  7    Str: 20    XL:     4   Next: 30%
Magic:  4/4        EV:  9    Int:  8    God:    Beogh [......]
Gold:   128        SH:  4    Dex: 10    Spells: 0/3 levels left

rFire   . . .      SeeInvis .   a - +0 war axe
rCold   . . .      Faith    .   c - +0 buckler
rNeg    . . .      Spirit   .   b - +0 scale mail
rPois   .          Reflect  .   (no helmet)
rElec   .          Harm     .   (no cloak)
rCorr   .          Rampage  .   (no gloves)
Will    .....                   (no boots)
Stlth   ..........              (no amulet)
HPRegen 0.13/turn               (no ring)
MPRegen 0.09/turn               (no ring)

@: attractive
A: no striking features
a: Renounce Religion


You were on level 4 of the Dungeon.
You worshipped Beogh.
Beogh was noncommittal.
You visited 1 branch of the dungeon, and saw 3 of its levels.

You collected 128 gold pieces.

Inventory:

Hand Weapons
 a - a +0 war axe (weapon)
 e - a +0 longbow
Armour
 b - a +0 scale mail (worn)
 c - a +0 buckler (worn)
Potions
 d - a potion of might


   Skills:
 + Level 4.1 Fighting
 + Level 4.1 Axes
 + Level 4.0 Armour
 + Level 0.4 Dodging
 + Level 3.6 Shields


You couldn't memorise any spells.
You knew the following spells:

 Your Spells              Type           Power      Damage    Failure   Level
a - Conjure Flame         Conj/Fire      0%         6-21      99%         3

Your spell library contained the following spells:

 Spells                   Type           Power      Damage    Failure   Level
 Ignite Poison            Fire/Tmut/Pois 0%         N/A       99%         3
 Sticky Flame             Conj/Fire      0%         2d3       100%        4


Dungeon Overview and Level Annotations

Branches:
Dungeon (2/15)

Altars:

Shops:
D:2 !


Message History

You closely miss the orc. The orc hits you but does no damage.
The orc closely misses you.
You slash the orc!
You kill the orc!
Beogh accepts your kill.
Things that are here:
a +0 hand axe; a +0 leather armour
Things that are here:
a +0 hand axe; a +0 leather armour You start resting.
HP restored.
Found 7 gold pieces.
You see here a +0 longbow.
e - a +0 longbow You now have 128 gold pieces (gained 7).
Found a glowing grey potion.
f - a glowing grey potion
There are no items here. 3 orcs and an orc priest come into view.
The orc priest is wielding a +2 trident of protection.
Found 4 gold pieces and a robe.
The orc shouts!
The orc priest shouts!
An orc comes into view. It is wielding a +0 dagger.
The orc priest hits you but does no damage.
The orc priest hits you from afar with a +2 trident of protection.
The orc priest mumbles some strange prayers to Beogh against you.
Beogh smites you!
The orc priest looks encouraged for a moment.
The orc priest invokes the aid of Beogh against you.
Beogh smites you!
* * * LOW HITPOINT WARNING * * *
It was a potion of attraction.
You feel attractive to monsters. The orc priest is attracted toward you.
The orc is attracted toward you. x3
The orc priest hits you from afar with a +2 trident of protection.
* * * LOW HITPOINT WARNING * * *
The orc priest is attracted toward you.
The orc priest hits you from afar with a +2 trident of protection.
You die...
Beogh appreciates the orc priest's killing of a heretic priest.

...o#####. #.........
#......... #.........
#.........###########
#.........#.........#
#.#########.........#
#.#####.............#
..#..#().##.....@.o.#
..#..#...##########ยง#
..#..#...# #o#
..#..#...# #o#
..#......# #o#
..##.##### #.# ..##.#
#. #o# #.##.# #...##o#
#....# #$.o...#


You could see an orc priest.

Vanquished Creatures
  An iguana (D:4)
  An adder skeleton (D:4)
  A worm (D:2)
  An orc (D:4)
  6 bats
  2 endoplasms (D:1)
  A giant cockroach (D:2)
  2 goblins
  6 hobgoblins
  3 jackals (D:2)
  4 ball pythons (D:1)
  3 frilled lizards
  6 kobolds
  5 rats
42 creatures vanquished.

Notes
Turn   | Place    | Note
-------+----------+-------------------------------------------
     0 | D:1      | kbeanz the Hill Orc Fighter began the quest for the Orb.
     0 | D:1      | Reached XP level 1. HP: 19/19 MP: 1/1
    74 | D:1      | Reached XP level 2. HP: 25/27 MP: 2/2
  1130 | D:2      | Reached XP level 3. HP: 30/33 MP: 3/3
  1626 | D:2      | Found Jyludel's Distillery.
  1838 | D:2      | You fall into a shaft and drop 2 floors!
  1841 | D:4      | Became a worshipper of Beogh the Brigand
  1862 | D:4      | Reached XP level 4. HP: 27/40 MP: 4/4
  2010 | D:4      | Learned a level 3 spell: Conjure Flame
  2112 | D:4      | Slain by an orc priest

Illustrated notes

Levels and vault maps discovered:
D:1:      dpeg_arrival_renting, layout_basic
D:2:      layout_basic, serial_shops, nicolae_shop_behind_doors
D:4:      layout_basic, mainiacjoe_overflow_tiny_flanked, fiery_altar_vehumet,
          trog_hazing_becter, ebering_ghost_gozag

Skill      XL: |  1  2  3 |
---------------+----------+-----
Axes           | 3 4 |  4.1
Fighting       | 4 |  4.1
Armour         | 4 |  4.0
Dodging        | |  0.4
Shields        | |  3.6

Action                   |  1- 3 |  4- 6 || total
-------------------------+-------+-------++-------
Melee: War axe           |   117 |     5 ||   122
Invok: Convert to Beogh  |     1 |       ||     1
  Use: Scroll            |     1 |       ||     1
       Potion            |       |     1 ||     1
Armor: Scale mail        |    62 |     3 ||    65
Dodge: Dodged            |    71 |     1 ||    72
Block: Buckler           |    27 |       ||    27
